Canucks vs BlackHawks

Created - December 5 2010 at 10:42

Goals
1 2 3 T
Canucks 1 1 1 3
BlackHawks 0 0 1 1
Shots
1 2 3 T
Canucks 13 15 10 38
BlackHawks 4 11 7 22

Period #1

1. Canucks , Loui Eriksson 9 (Duncan Keith, Joe Thornton) at 2:24 (PP)

Penalties :
Mattias Ohlund (CHI) for Cross-checking (Minor) at 0:39, Cristobal Huet (CHI) for Slashing (Minor) at 5:20 - John Erskine served the penalty., Adam Foote (CHI) for Tripping (Minor) at 12:39

Period #2

2. Canucks , Valtteri Filppula 7 (Joe Thornton) at 10:01

Penalties :
Adam Foote (CHI) for High sticking (Minor) at 0:04, Matthew Carle (VAN) for Hooking (Minor) at 3:49, Artem Anisimov (CHI) for High sticking (Minor) at 6:07, Mike Komisarek (VAN) for Holding Stick (Minor) at 11:25, Patrick Kane (CHI) for Hooking (Minor) at 16:19, John Erskine (CHI) for Holding (Minor) at 18:44

Period #3

3. BlackHawks , Sheldon Brookbank 1 (Josh Bailey, Wayne Primeau) at 6:38
4. Canucks , Loui Eriksson 10 (Duncan Keith, Joe Thornton) at 13:45 (PP)

Penalties :
David Backes (VAN) for Holding (Minor) at 1:08, Chris Neil (CHI) for Tripping (Minor) at 6:42, Hal Gill (CHI) for Unsportsmanlike conduct (Major / Game Misconduct) at 10:39, Mattias Ohlund (CHI) for Roughing (Minor) at 17:39

Goalie Stats

Henrik Lundqvist (VAN), 21 saves from 22 shots - (0.955), W, 11-6-1, 60:00 minutes
Cristobal Huet (CHI), 35 saves from 38 shots - (0.921), L, 8-15-2, 60:00 minutes

Players Stats

Canucks
Player Name              G  A  P  +/- PIM S  H  SB FO    MP 
------------------------------------------------------------
Brandon Sutter           0  0  0  -1  0   1  0  0  7/20  16 
Bruno Gervais            0  0  0   0  0   0  0  0  0/0   6  
Corey Perry              0  0  0   1  0   5  0  0  0/0   21 
David Backes             0  0  0   0  2   5  2  0  1/1   19 
Duncan Keith             0  2  2  -1  0   2  1  0  0/0   24 
Erik Karlsson            0  0  0  -1  0   1  1  0  0/0   16 
Fedor Tyutin             0  0  0   0  0   0  1  1  0/0   16 
Fredrik Sjostrom         0  0  0   0  0   0  1  0  0/0   9  
Ian White                0  0  0   1  0   2  1  0  0/0   23 
Jay McClement            0  0  0   0  0   0  0  0  3/10  10 
Joe Thornton             0  3  3   1  0   3  0  0  21/34 22 
Loui Eriksson            2  0  2  -1  0   12 0  0  1/1   21 
Martin Hanzal            0  0  0   0  0   2  3  0  14/21 15 
Matthew Carle            0  0  0   1  2   2  0  0  0/0   23 
Mike Komisarek           0  0  0   0  2   0  6  1  0/0   10 
Milan Lucic              0  0  0   0  0   0  1  0  0/1   12 
Ryan Kesler              0  0  0  -1  0   0  2  0  2/2   11 
Valtteri Filppula        1  0  1   1  0   3  0  0  0/0   20 
BlackHawks
Player Name              G  A  P  +/- PIM S  H  SB FO    MP 
------------------------------------------------------------
Adam Foote               0  0  0   0  4   1  4  2  0/0   22 
Artem Anisimov           0  0  0   0  2   1  0  0  5/10  13 
Chris Campoli            0  0  0   0  0   2  0  0  0/0   5  
Chris Neil               0  0  0  -1  2   5  1  0  2/5   16 
Darryl Sydor             0  0  0   0  0   0  0  0  0/0   2  
Hal Gill                 0  0  0  -1  15  0  1  1  0/0   18 
John Erskine             0  0  0   1  2   0  1  1  0/0   10 
Josh Bailey              0  1  1   1  0   1  1  0  0/0   14 
Mattias Ohlund           0  0  0   0  4   1  2  2  0/0   19 
Patrick Kane             0  0  0   0  2   1  0  0  2/7   23 
Patrick Sharp            0  0  0   0  0   3  1  0  2/3   22 
Paul Kariya              0  0  0  -1  0   2  0  0  12/24 21 
Petr Sykora              0  0  0   0  0   0  0  0  0/0   7  
Samuel Pahlsson          0  0  0  -1  0   0  2  0  5/15  16 
Sheldon Brookbank        1  0  1   1  0   1  2  0  0/0   17 
Tim Gleason              0  0  0  -1  0   3  0  3  0/0   22 
Tyler Kennedy            0  0  0   1  0   1  1  0  0/0   12 
Wayne Primeau            0  1  1   1  0   0  0  0  13/26 17 

3 Stars

1 - Joe Thornton (VAN)
2 - Loui Eriksson (VAN)
3 - Henrik Lundqvist (VAN)

Power Play

Canucks - 2 on 10 Attempt(s) - 20.00%
BlackHawks - 0 on 3 Attempt(s) - 0.00%

Penalty Kill

Canucks - 3 on 3 Attempt(s) - 100.00% - Score 0 goal in Penalty Kill
BlackHawks - 8 on 10 Attempt(s) - 80.00% - Score 0 goal in Penalty Kill

Game Notes

Samuel Pahlsson is injured at 4:55 of 3rd period (Bruised Right Arm)
Hal Gill ejected from game at 10:39 of 3rd period

Finance

Level 1 -- Attendance: 6370 (98.00%) -- Ticket Income $541,450.00
Level 2 -- Attendance: 3805 (76.10%) -- Ticket Income $209,275.00
Level 3 -- Attendance: 3407 (97.34%) -- Ticket Income $102,210.00
Level 4 -- Attendance: 2667 (59.27%) -- Ticket Income $53,340.00
Luxury Box -- Attendance: 992 (99.20%) -- Ticket Income $173,600.00
Game was played at the United Center
Total Attendance: 17241 (84.10%)
Total Ticket Income: $1,124,248.00
Other Income: $199,371.90
Total Income: $1,323,620.00


Play by Play

Period #1

0:01 of 1st period - Artem Anisimov wins face-off versus Joe Thornton in neutral zone.
0:30 of 1st period - Shot by Joe Thornton.
0:30 of 1st period - Stopped by Cristobal Huet with a rebound.
0:34 of 1st period - Shot by Valtteri Filppula.
0:34 of 1st period - Shot Misses the Net.
0:39 of 1st period - Minor Penalty to Mattias Ohlund for Cross-checking.
0:40 of 1st period - Joe Thornton wins face-off versus Paul Kariya in BlackHawks zone.
0:54 of 1st period - Icing by Joe Thornton.
0:55 of 1st period - Paul Kariya wins face-off versus Joe Thornton in Canucks zone.
1:08 of 1st period - Shot by Loui Eriksson.
1:08 of 1st period - Stopped by Cristobal Huet without a rebound.
1:09 of 1st period - David Backes wins face-off versus Patrick Kane in BlackHawks zone.
1:12 of 1st period - Shot by Valtteri Filppula.
1:12 of 1st period - Stopped by Cristobal Huet without a rebound.
1:13 of 1st period - Patrick Kane wins face-off versus Brandon Sutter in BlackHawks zone.
1:13 of 1st period - Patrick Kane is hit by David Backes.
1:59 of 1st period - Shot by Erik Karlsson.
1:59 of 1st period - Stopped by Cristobal Huet with a rebound.
2:01 of 1st period - Shot by Loui Eriksson.
2:01 of 1st period - Stopped by Cristobal Huet without a rebound.
2:02 of 1st period - Paul Kariya wins face-off versus Joe Thornton in BlackHawks zone.
2:24 of 1st period - Shot by Loui Eriksson.
2:24 of 1st period - Goal by Loui Eriksson - Canucks : 1 - BlackHawks : 0.
2:25 of 1st period - Martin Hanzal wins face-off versus Wayne Primeau in neutral zone.
2:53 of 1st period - Icing by Mike Komisarek.
2:54 of 1st period - Martin Hanzal wins face-off versus Artem Anisimov in Canucks zone.
2:54 of 1st period - Martin Hanzal is hit by Patrick Sharp.
3:35 of 1st period - Loui Eriksson is hit by Adam Foote and loses puck.
3:39 of 1st period - Fredrik Sjostrom is hit by Adam Foote and loses puck.
3:45 of 1st period - Loui Eriksson is hit by Adam Foote and loses puck.
4:15 of 1st period - Shot by Joe Thornton.
4:15 of 1st period - Deflect By Corey Perry.
4:15 of 1st period - Stopped by Cristobal Huet without a rebound.
4:16 of 1st period - Brandon Sutter wins face-off versus Chris Neil in BlackHawks zone.
4:39 of 1st period - Shot by Brandon Sutter.
4:39 of 1st period - Deflect By Loui Eriksson.
4:39 of 1st period - Shot Blocked by Tim Gleason.
4:45 of 1st period - Shot by Paul Kariya.
4:45 of 1st period - Deflect By Chris Neil.
4:45 of 1st period - Shot Misses the Net.
4:53 of 1st period - Shot by Chris Neil.
4:53 of 1st period - Stopped by Henrik Lundqvist without a rebound.
4:54 of 1st period - Wayne Primeau wins face-off versus Joe Thornton in Canucks zone.
4:58 of 1st period - Icing by Matthew Carle.
4:59 of 1st period - Joe Thornton wins face-off versus Wayne Primeau in Canucks zone.
5:12 of 1st period - Shot by Corey Perry.
5:12 of 1st period - Shot Misses the Net.
5:16 of 1st period - Shot by Corey Perry.
5:16 of 1st period - Shot Blocked by John Erskine.
5:18 of 1st period - Shot by Valtteri Filppula.
5:18 of 1st period - Shot Misses the Net.
5:20 of 1st period - Shot by Corey Perry.
5:20 of 1st period - Stopped by Cristobal Huet without a rebound.
5:20 of 1st period - Minor Penalty to Cristobal Huet for Slashing.
5:21 of 1st period - Brandon Sutter wins face-off versus Paul Kariya in BlackHawks zone.
5:40 of 1st period - Shot by Valtteri Filppula.
5:40 of 1st period - Shot Misses the Net.
5:49 of 1st period - Valtteri Filppula is hit by Hal Gill and loses puck.
6:49 of 1st period - Shot by Valtteri Filppula.
6:49 of 1st period - Stopped by Cristobal Huet without a rebound.
6:50 of 1st period - Brandon Sutter wins face-off versus Patrick Kane in BlackHawks zone.
7:17 of 1st period - Shot by David Backes.
7:17 of 1st period - Stopped by Cristobal Huet without a rebound.
7:18 of 1st period - Joe Thornton wins face-off versus Paul Kariya in BlackHawks zone.
7:19 of 1st period - Shot by Duncan Keith.
7:19 of 1st period - Stopped by Cristobal Huet without a rebound.
7:20 of 1st period - Martin Hanzal wins face-off versus Wayne Primeau in BlackHawks zone.
8:06 of 1st period - Loui Eriksson is hit by Sheldon Brookbank and loses puck.
9:29 of 1st period - Shot by Tim Gleason.
9:29 of 1st period - Stopped by Henrik Lundqvist without a rebound.
9:30 of 1st period - Martin Hanzal wins face-off versus Samuel Pahlsson in Canucks zone.
9:50 of 1st period - Shot by Fedor Tyutin.
9:50 of 1st period - Shot Blocked by Tim Gleason.
9:52 of 1st period - Shot by Martin Hanzal.
9:52 of 1st period - Stopped by Cristobal Huet with a rebound.
9:54 of 1st period - Shot by Martin Hanzal.
9:54 of 1st period - Shot Misses the Net.
9:56 of 1st period - Shot by David Backes.
9:56 of 1st period - Stopped by Cristobal Huet without a rebound.
9:57 of 1st period - Patrick Kane wins face-off versus Brandon Sutter in BlackHawks zone.
9:59 of 1st period - Icing by Patrick Sharp.
10:00 of 1st period - Artem Anisimov wins face-off versus Brandon Sutter in BlackHawks zone.
10:16 of 1st period - Off-side.
10:17 of 1st period - Wayne Primeau wins face-off versus Martin Hanzal in neutral zone.
10:21 of 1st period - Off-side.
10:22 of 1st period - Joe Thornton wins face-off versus Wayne Primeau in neutral zone.
12:01 of 1st period - Ryan Kesler is hit by Mattias Ohlund and loses puck.
12:23 of 1st period - Icing by Adam Foote.
12:24 of 1st period - Artem Anisimov wins face-off versus Martin Hanzal in BlackHawks zone.
12:36 of 1st period - Icing by Patrick Kane.
12:37 of 1st period - Patrick Sharp wins face-off versus Martin Hanzal in BlackHawks zone.
12:37 of 1st period - Artem Anisimov is hit by Martin Hanzal and loses puck.
12:39 of 1st period - Minor Penalty to Adam Foote for Tripping.
12:40 of 1st period - Joe Thornton wins face-off versus Paul Kariya in BlackHawks zone.
14:52 of 1st period - Off-side.
14:53 of 1st period - Jay McClement wins face-off versus Samuel Pahlsson in neutral zone.
14:58 of 1st period - Icing by Samuel Pahlsson.
14:59 of 1st period - Samuel Pahlsson wins face-off versus Martin Hanzal in BlackHawks zone.
15:57 of 1st period - Shot by Mattias Ohlund.
15:57 of 1st period - Shot Blocked by Mike Komisarek.
15:59 of 1st period - Shot by Artem Anisimov.
15:59 of 1st period - Shot Misses the Net.
16:01 of 1st period - Shot by Artem Anisimov.
16:01 of 1st period - Shot Misses the Net.
16:07 of 1st period - Shot by Patrick Kane.
16:07 of 1st period - Stopped by Henrik Lundqvist without a rebound.
16:08 of 1st period - Wayne Primeau wins face-off versus Jay McClement in Canucks zone.
16:22 of 1st period - Icing by John Erskine.
16:23 of 1st period - Joe Thornton wins face-off versus Wayne Primeau in BlackHawks zone.
17:18 of 1st period - Shot by Paul Kariya.
17:18 of 1st period - Shot Misses the Net.
18:51 of 1st period - Shot by Artem Anisimov.
18:51 of 1st period - Stopped by Henrik Lundqvist without a rebound.
18:52 of 1st period - Joe Thornton wins face-off versus Wayne Primeau in Canucks zone.
19:00 of 1st period - Corey Perry is hit by John Erskine and loses puck.

Period #2

0:01 of 2nd period - Joe Thornton wins face-off versus Artem Anisimov in neutral zone.
0:03 of 2nd period - Corey Perry is hit by Mattias Ohlund and loses puck.
0:04 of 2nd period - Minor Penalty to Adam Foote for High sticking.
0:05 of 2nd period - Joe Thornton wins face-off versus Paul Kariya in BlackHawks zone.
0:20 of 2nd period - Shot by Loui Eriksson.
0:20 of 2nd period - Stopped by Cristobal Huet without a rebound.
0:21 of 2nd period - Brandon Sutter wins face-off versus Samuel Pahlsson in BlackHawks zone.
0:28 of 2nd period - Shot by Ian White.
0:28 of 2nd period - Stopped by Cristobal Huet without a rebound.
0:29 of 2nd period - Loui Eriksson wins face-off versus Patrick Kane in BlackHawks zone.
1:08 of 2nd period - Shot by Corey Perry.
1:08 of 2nd period - Shot Misses the Net.
1:10 of 2nd period - Shot by Joe Thornton.
1:10 of 2nd period - Shot Misses the Net.
1:24 of 2nd period - Shot by Ian White.
1:24 of 2nd period - Stopped by Cristobal Huet without a rebound.
1:25 of 2nd period - Brandon Sutter wins face-off versus Paul Kariya in BlackHawks zone.
2:06 of 2nd period - Adam Foote is hit by Fredrik Sjostrom and loses puck.
2:32 of 2nd period - Off-side.
2:33 of 2nd period - Martin Hanzal wins face-off versus Wayne Primeau in neutral zone.
2:45 of 2nd period - Shot by Josh Bailey.
2:45 of 2nd period - Shot Misses the Net.
2:56 of 2nd period - Wayne Primeau is hit by Mike Komisarek and loses puck.
3:06 of 2nd period - Josh Bailey is hit by Mike Komisarek and loses puck.
3:31 of 2nd period - Shot by Joe Thornton.
3:31 of 2nd period - Shot Misses the Net.
3:33 of 2nd period - Shot by Matthew Carle.
3:33 of 2nd period - Shot Misses the Net.
3:49 of 2nd period - Minor Penalty to Matthew Carle for Hooking.
3:50 of 2nd period - Ryan Kesler wins face-off versus Samuel Pahlsson in Canucks zone.
3:50 of 2nd period - Ryan Kesler is hit by Samuel Pahlsson.
4:00 of 2nd period - Shot by Adam Foote.
4:00 of 2nd period - Stopped by Henrik Lundqvist without a rebound.
4:01 of 2nd period - Wayne Primeau wins face-off versus Jay McClement in Canucks zone.
4:13 of 2nd period - Patrick Kane is hit by Fedor Tyutin and loses puck.
5:18 of 2nd period - Patrick Kane is hit by Martin Hanzal and loses puck.
5:30 of 2nd period - Patrick Kane is hit by Mike Komisarek and loses puck.
5:50 of 2nd period - Icing by Patrick Sharp.
5:51 of 2nd period - Joe Thornton wins face-off versus Artem Anisimov in BlackHawks zone.
6:07 of 2nd period - Minor Penalty to Artem Anisimov for High sticking.
6:08 of 2nd period - Joe Thornton wins face-off versus Paul Kariya in BlackHawks zone.
6:09 of 2nd period - Shot by Loui Eriksson.
6:09 of 2nd period - Stopped by Cristobal Huet without a rebound.
6:10 of 2nd period - Paul Kariya wins face-off versus Joe Thornton in BlackHawks zone.
6:19 of 2nd period - Shot by Joe Thornton.
6:19 of 2nd period - Stopped by Cristobal Huet with a rebound.
7:50 of 2nd period - Shot by Patrick Sharp.
7:50 of 2nd period - Shot Misses the Net.
8:29 of 2nd period - Loui Eriksson is hit by Sheldon Brookbank and loses puck.
9:15 of 2nd period - Off-side.
9:16 of 2nd period - Samuel Pahlsson wins face-off versus Brandon Sutter in neutral zone.
9:20 of 2nd period - Paul Kariya is hit by Duncan Keith and loses puck.
9:29 of 2nd period - Shot by Paul Kariya.
9:29 of 2nd period - Stopped by Henrik Lundqvist without a rebound.
9:30 of 2nd period - Martin Hanzal wins face-off versus Samuel Pahlsson in Canucks zone.
9:55 of 2nd period - Icing by Tim Gleason.
9:56 of 2nd period - Joe Thornton wins face-off versus Samuel Pahlsson in BlackHawks zone.
10:01 of 2nd period - Shot by Valtteri Filppula.
10:01 of 2nd period - Goal by Valtteri Filppula - Canucks : 2 - BlackHawks : 0.
10:02 of 2nd period - Artem Anisimov wins face-off versus Jay McClement in neutral zone.
10:25 of 2nd period - Shot by Patrick Sharp.
10:25 of 2nd period - Stopped by Henrik Lundqvist without a rebound.
10:26 of 2nd period - Joe Thornton wins face-off versus Wayne Primeau in Canucks zone.
11:25 of 2nd period - Minor Penalty to Mike Komisarek for Holding Stick.
11:26 of 2nd period - Ryan Kesler wins face-off versus Chris Neil in Canucks zone.
11:37 of 2nd period - Shot by Patrick Sharp.
11:37 of 2nd period - Stopped by Henrik Lundqvist with a rebound.
11:39 of 2nd period - Shot by Tim Gleason.
11:39 of 2nd period - Shot Blocked by Fedor Tyutin.
11:52 of 2nd period - Icing by Paul Kariya.
11:53 of 2nd period - Patrick Sharp wins face-off versus Martin Hanzal in BlackHawks zone.
12:00 of 2nd period - Shot by Tim Gleason.
12:00 of 2nd period - Stopped by Henrik Lundqvist without a rebound.
12:01 of 2nd period - Martin Hanzal wins face-off versus Samuel Pahlsson in Canucks zone.
12:01 of 2nd period - Martin Hanzal is hit by Samuel Pahlsson.
12:08 of 2nd period - Icing by Adam Foote.
12:09 of 2nd period - Samuel Pahlsson wins face-off versus Jay McClement in BlackHawks zone.
12:17 of 2nd period - Off-side.
12:18 of 2nd period - Martin Hanzal wins face-off versus Wayne Primeau in neutral zone.
12:39 of 2nd period - Shot by Paul Kariya.
12:39 of 2nd period - Stopped by Henrik Lundqvist without a rebound.
12:40 of 2nd period - Samuel Pahlsson wins face-off versus Martin Hanzal in Canucks zone.
12:59 of 2nd period - Shot by Mattias Ohlund.
12:59 of 2nd period - Stopped by Henrik Lundqvist without a rebound.
13:00 of 2nd period - Jay McClement wins face-off versus Wayne Primeau in Canucks zone.
13:23 of 2nd period - Shot by Chris Neil.
13:23 of 2nd period - Stopped by Henrik Lundqvist without a rebound.
13:24 of 2nd period - Martin Hanzal wins face-off versus Samuel Pahlsson in Canucks zone.
13:31 of 2nd period - Shot by Chris Campoli.
13:31 of 2nd period - Stopped by Henrik Lundqvist without a rebound.
13:32 of 2nd period - Martin Hanzal wins face-off versus Wayne Primeau in Canucks zone.
13:32 of 2nd period - Martin Hanzal is hit by Josh Bailey.
13:35 of 2nd period - Fedor Tyutin is hit by Tyler Kennedy and loses puck.
13:48 of 2nd period - Shot by Martin Hanzal.
13:48 of 2nd period - Shot Misses the Net.
14:32 of 2nd period - Shot by Loui Eriksson.
14:32 of 2nd period - Shot Misses the Net.
14:34 of 2nd period - Shot by Ryan Kesler.
14:34 of 2nd period - Shot Misses the Net.
14:36 of 2nd period - Shot by Duncan Keith.
14:36 of 2nd period - Shot Misses the Net.
14:38 of 2nd period - Shot by Brandon Sutter.
14:38 of 2nd period - Stopped by Cristobal Huet without a rebound.
14:39 of 2nd period - Samuel Pahlsson wins face-off versus Joe Thornton in BlackHawks zone.
14:49 of 2nd period - Samuel Pahlsson is hit by Ian White and loses puck.
14:59 of 2nd period - Matthew Carle is hit by Chris Neil and loses puck.
15:18 of 2nd period - Shot by Chris Neil.
15:18 of 2nd period - Shot Misses the Net.
15:33 of 2nd period - Shot by Chris Campoli.
15:33 of 2nd period - Stopped by Henrik Lundqvist without a rebound.
15:34 of 2nd period - Wayne Primeau wins face-off versus Brandon Sutter in Canucks zone.
15:34 of 2nd period - Wayne Primeau is hit by Erik Karlsson.
15:36 of 2nd period - Shot by Josh Bailey.
15:36 of 2nd period - Stopped by Henrik Lundqvist without a rebound.
15:37 of 2nd period - Brandon Sutter wins face-off versus Wayne Primeau in Canucks zone.
15:44 of 2nd period - Shot by Loui Eriksson.
15:44 of 2nd period - Stopped by Cristobal Huet with a rebound.
15:48 of 2nd period - Shot by Duncan Keith.
15:48 of 2nd period - Stopped by Cristobal Huet without a rebound.
15:49 of 2nd period - Martin Hanzal wins face-off versus Artem Anisimov in BlackHawks zone.
15:55 of 2nd period - Patrick Kane is hit by Mike Komisarek.
16:00 of 2nd period - Patrick Sharp is hit by Mike Komisarek and loses puck.
16:03 of 2nd period - Shot by Artem Anisimov.
16:03 of 2nd period - Shot Misses the Net.
16:19 of 2nd period - Minor Penalty to Patrick Kane for Hooking.
16:20 of 2nd period - Joe Thornton wins face-off versus Paul Kariya in BlackHawks zone.
16:21 of 2nd period - Shot by Loui Eriksson.
16:21 of 2nd period - Stopped by Cristobal Huet without a rebound.
16:22 of 2nd period - Paul Kariya wins face-off versus Joe Thornton in BlackHawks zone.
16:39 of 2nd period - Shot by Loui Eriksson.
16:39 of 2nd period - Stopped by Cristobal Huet with a rebound.
16:41 of 2nd period - Shot by Joe Thornton.
16:41 of 2nd period - Stopped by Cristobal Huet with a rebound.
16:45 of 2nd period - Shot by Loui Eriksson.
16:45 of 2nd period - Shot Misses the Net.
16:47 of 2nd period - Shot by Corey Perry.
16:47 of 2nd period - Shot Misses the Net.
16:58 of 2nd period - Icing by Loui Eriksson.
16:59 of 2nd period - Joe Thornton wins face-off versus Chris Neil in Canucks zone.
18:25 of 2nd period - Duncan Keith is hit by Adam Foote and loses puck.
18:28 of 2nd period - Shot by Duncan Keith.
18:28 of 2nd period - Shot Blocked by Adam Foote.
18:32 of 2nd period - Shot by Loui Eriksson.
18:32 of 2nd period - Shot Misses the Net.
18:34 of 2nd period - Shot by Loui Eriksson.
18:34 of 2nd period - Stopped by Cristobal Huet without a rebound.
18:35 of 2nd period - Martin Hanzal wins face-off versus Wayne Primeau in BlackHawks zone.
18:44 of 2nd period - Minor Penalty to John Erskine for Holding.
18:45 of 2nd period - Paul Kariya wins face-off versus Joe Thornton in BlackHawks zone.
18:56 of 2nd period - Shot by Erik Karlsson.
18:56 of 2nd period - Shot Blocked by Adam Foote.
19:02 of 2nd period - Shot by Duncan Keith.
19:02 of 2nd period - Shot Misses the Net.
19:04 of 2nd period - Shot by Corey Perry.
19:04 of 2nd period - Stopped by Cristobal Huet with a rebound.
19:06 of 2nd period - Shot by Joe Thornton.
19:06 of 2nd period - Shot Misses the Net.
19:08 of 2nd period - Shot by Loui Eriksson.
19:08 of 2nd period - Shot Misses the Net.
19:10 of 2nd period - Shot by Erik Karlsson.
19:10 of 2nd period - Shot Misses the Net.
19:12 of 2nd period - Shot by Loui Eriksson.
19:12 of 2nd period - Stopped by Cristobal Huet without a rebound.
19:13 of 2nd period - Paul Kariya wins face-off versus Brandon Sutter in BlackHawks zone.
19:21 of 2nd period - Off-side.
19:22 of 2nd period - Paul Kariya wins face-off versus Brandon Sutter in neutral zone.

Period #3

0:01 of 3rd period - Joe Thornton wins face-off versus Patrick Kane in neutral zone.
1:08 of 3rd period - Minor Penalty to David Backes for Holding.
1:09 of 3rd period - Wayne Primeau wins face-off versus Jay McClement in Canucks zone.
1:14 of 3rd period - Shot by Tim Gleason.
1:14 of 3rd period - Stopped by Henrik Lundqvist without a rebound.
1:15 of 3rd period - Wayne Primeau wins face-off versus Jay McClement in Canucks zone.
1:16 of 3rd period - Shot by Chris Neil.
1:16 of 3rd period - Stopped by Henrik Lundqvist without a rebound.
1:17 of 3rd period - Jay McClement wins face-off versus Samuel Pahlsson in Canucks zone.
3:15 of 3rd period - Icing by Sheldon Brookbank.
3:16 of 3rd period - Wayne Primeau wins face-off versus Brandon Sutter in BlackHawks zone.
3:16 of 3rd period - Wayne Primeau is hit by Ryan Kesler.
4:19 of 3rd period - Shot by Joe Thornton.
4:19 of 3rd period - Shot Misses the Net.
4:21 of 3rd period - Shot by Matthew Carle.
4:21 of 3rd period - Stopped by Cristobal Huet without a rebound.
4:22 of 3rd period - Martin Hanzal wins face-off versus Samuel Pahlsson in BlackHawks zone.
4:27 of 3rd period - Shot by Milan Lucic.
4:27 of 3rd period - Shot Misses the Net.
4:43 of 3rd period - Shot by Chris Neil.
4:43 of 3rd period - Stopped by Henrik Lundqvist with a rebound.
4:54 of 3rd period - Samuel Pahlsson is hit by Mike Komisarek and loses puck.
4:55 of 3rd period - Samuel Pahlsson from BlackHawks is injured at 4:55 of 3rd period (Bruised Right Arm).
4:56 of 3rd period - Artem Anisimov wins face-off versus Joe Thornton in Canucks zone.
5:01 of 3rd period - Shot by Patrick Sharp.
5:01 of 3rd period - Stopped by Henrik Lundqvist without a rebound.
5:02 of 3rd period - Wayne Primeau wins face-off versus Jay McClement in Canucks zone.
5:11 of 3rd period - Shot by Tyler Kennedy.
5:11 of 3rd period - Stopped by Henrik Lundqvist without a rebound.
5:12 of 3rd period - Joe Thornton wins face-off versus Artem Anisimov in Canucks zone.
5:39 of 3rd period - Shot by Valtteri Filppula.
5:39 of 3rd period - Shot Misses the Net.
5:46 of 3rd period - Icing by Matthew Carle.
5:47 of 3rd period - Wayne Primeau wins face-off versus Joe Thornton in Canucks zone.
5:51 of 3rd period - Icing by Matthew Carle.
5:52 of 3rd period - Wayne Primeau wins face-off versus Joe Thornton in Canucks zone.
5:56 of 3rd period - Icing by Matthew Carle.
5:57 of 3rd period - Chris Neil wins face-off versus Joe Thornton in Canucks zone.
6:08 of 3rd period - Shot by Paul Kariya.
6:08 of 3rd period - Deflect By Chris Neil.
6:08 of 3rd period - Stopped by Henrik Lundqvist without a rebound.
6:09 of 3rd period - Wayne Primeau wins face-off versus Brandon Sutter in Canucks zone.
6:36 of 3rd period - Shot by Josh Bailey.
6:36 of 3rd period - Shot Misses the Net.
6:38 of 3rd period - Shot by Sheldon Brookbank.
6:38 of 3rd period - Goal by Sheldon Brookbank - Canucks : 2 - BlackHawks : 1.
6:39 of 3rd period - Martin Hanzal wins face-off versus Patrick Sharp in neutral zone.
6:42 of 3rd period - Minor Penalty to Chris Neil for Tripping.
6:43 of 3rd period - Paul Kariya wins face-off versus Brandon Sutter in BlackHawks zone.
7:03 of 3rd period - Shot by Matthew Carle.
7:03 of 3rd period - Shot Blocked by Hal Gill.
7:05 of 3rd period - Shot by Matthew Carle.
7:05 of 3rd period - Stopped by Cristobal Huet with a rebound.
7:07 of 3rd period - Shot by Matthew Carle.
7:07 of 3rd period - Shot Blocked by Tim Gleason.
7:09 of 3rd period - Shot by David Backes.
7:09 of 3rd period - Stopped by Cristobal Huet without a rebound.
7:10 of 3rd period - Joe Thornton wins face-off versus Patrick Kane in BlackHawks zone.
7:35 of 3rd period - Shot by Loui Eriksson.
7:35 of 3rd period - Stopped by Cristobal Huet without a rebound.
7:36 of 3rd period - Joe Thornton wins face-off versus Paul Kariya in BlackHawks zone.
8:44 of 3rd period - Shot by David Backes.
8:44 of 3rd period - Stopped by Cristobal Huet without a rebound.
8:45 of 3rd period - Wayne Primeau wins face-off versus Martin Hanzal in BlackHawks zone.
10:39 of 3rd period - Major / Game Misconduct Penalty to Hal Gill for Unsportsmanlike conduct.
10:39 of 3rd period - Hal Gill is ejected from game.
10:40 of 3rd period - Brandon Sutter wins face-off versus Paul Kariya in BlackHawks zone.
10:45 of 3rd period - Shot by Brandon Sutter.
10:45 of 3rd period - Shot Blocked by Mattias Ohlund.
10:55 of 3rd period - Shot by David Backes.
10:55 of 3rd period - Shot Misses the Net.
10:59 of 3rd period - Shot by David Backes.
10:59 of 3rd period - Stopped by Cristobal Huet without a rebound.
11:00 of 3rd period - Paul Kariya wins face-off versus Brandon Sutter in BlackHawks zone.
12:55 of 3rd period - Shot by Joe Thornton.
12:55 of 3rd period - Shot Misses the Net.
12:59 of 3rd period - Shot by Erik Karlsson.
12:59 of 3rd period - Shot Blocked by Mattias Ohlund.
13:01 of 3rd period - Shot by Loui Eriksson.
13:01 of 3rd period - Deflect By Corey Perry.
13:01 of 3rd period - Stopped by Cristobal Huet with a rebound.
13:41 of 3rd period - Shot by Martin Hanzal.
13:41 of 3rd period - Stopped by Cristobal Huet without a rebound.
13:42 of 3rd period - Joe Thornton wins face-off versus Paul Kariya in BlackHawks zone.
13:45 of 3rd period - Shot by Loui Eriksson.
13:45 of 3rd period - Goal by Loui Eriksson - Canucks : 3 - BlackHawks : 1.
13:46 of 3rd period - Paul Kariya wins face-off versus Brandon Sutter in neutral zone.
14:09 of 3rd period - Tim Gleason is hit by Martin Hanzal and loses puck.
14:26 of 3rd period - Icing by Joe Thornton.
14:27 of 3rd period - Joe Thornton wins face-off versus Paul Kariya in Canucks zone.
14:46 of 3rd period - Shot by Corey Perry.
14:46 of 3rd period - Stopped by Cristobal Huet without a rebound.
14:47 of 3rd period - Paul Kariya wins face-off versus Milan Lucic in BlackHawks zone.
14:47 of 3rd period - Paul Kariya is hit by Ryan Kesler.
17:39 of 3rd period - Minor Penalty to Mattias Ohlund for Roughing.
17:40 of 3rd period - Paul Kariya wins face-off versus Brandon Sutter in BlackHawks zone.
17:49 of 3rd period - Tim Gleason is hit by David Backes and loses puck.
18:21 of 3rd period - Icing by Duncan Keith.
18:22 of 3rd period - Chris Neil wins face-off versus Joe Thornton in Canucks zone.
19:00 of 3rd period - Patrick Sharp is hit by Milan Lucic and loses puck.


Output by the SimonT Hockey Simulator (STHS) for Stephane Roy -- Original Page W3C XHTML 1.0 Valid